 Dungeon Crawl Stone Soup version 0.20.0-8-g6b59dc7 (webtiles) character file.

80 anfisbena the Skirmisher (level 4, 0/41 HPs)
             Began as a Hill Orc Fighter on June 2, 2017.
             Slain by a gnoll (7 damage)
             ... on level 2 of the Dungeon.
             The game lasted 00:02:06 (2378 turns).

anfisbena the Skirmisher (Hill Orc Fighter)         Turns: 2378, Time: 00:02:06

Health: 0/41       AC:  6    Str: 18    XL:     4   Next: 39%
Magic:  4/4        EV:  7    Int:  8    God:
Gold:   87         SH:  9    Dex: 11    Spells: 3/3 levels left

rFire    . . .     SeeInvis .   a - +0 war axe
rCold    . . .     Gourm    .   c - +0 shield
rNeg     . . .     Faith    .   b - +0 scale mail
rPois    .         Spirit   .   (no helmet)
rElec    .         Reflect  .   (no cloak)
rCorr    .         Harm     .   (no gloves)
MR       .....                  (no boots)
Stlth    ..........             (no amulet)
Regen    0.2/turn               (no ring)
MPRegen  0.1/turn               (no ring)

@: no status effects
A: no striking features
a: no special abilities


You were on level 2 of the Dungeon.
You were hungry.

You visited 1 branch of the dungeon, and saw 2 of its levels.

You collected 87 gold pieces.

Inventory:

Hand Weapons
 a - a +0 war axe (weapon)
Armour
 b - a +0 scale mail (worn)
 c - a +0 shield (worn)
 o - a +0 pair of gloves
Jewellery
 i - an uncursed ring of stealth {unknown}
Scrolls
 g - a scroll of fear {unknown}
 h - 2 scrolls of teleportation {unknown}
 l - 4 scrolls of remove curse {unknown}
 q - a scroll of amnesia {unknown}
Potions
 d - a potion of might
 e - 2 potions of haste {unknown}
 j - a potion of heal wounds {unknown}
 k - a potion of invisibility {unknown}
 m - 3 potions of flight {unknown}
 n - a potion of agility {unknown}
 r - 2 potions of mutation {unknown}
Comestibles
 f - 2 bread rations


   Skills:
 + Level 4.9 Fighting
 + Level 4.7 Axes
 - Level 3.2 Armour
 - Level 3.2 Shields


You had 3 spell levels left.
You didn't know any spells.

Dungeon Overview and Level Annotations

Branches:
Dungeon (2/15)

Altars:
Gozag
Kikubaaqudgha


Message History

You hit the gnoll but do no damage. You closely miss the gnoll.
You hit the gnoll. The gnoll hits you with a spear.
You block the gnoll's attack. The gnoll hits you with a spear!
You hit the gnoll.
The gnoll is moderately wounded.
You closely miss the gnoll. You hit the gnoll.
The gnoll hits you but does no damage. You block the gnoll's attack.
The gnoll hits you with a spear. The gnoll hits you with a spear!
* * * LOW HITPOINT WARNING * * *
You block the gnoll's attack.
You closely miss the gnoll.
The gnoll is moderately wounded.
You hit the gnoll.
Your shield and scale mail prevent you from hitting the gnoll.
The gnoll hits you with a spear.
* * * LOW HITPOINT WARNING * * *
The gnoll hits you with a spear!
* * * LOW HITPOINT WARNING * * *
The gnoll hits you!
You die...

#........# #..........)......
#.##+#######.#####.....####..
#. #.......#.# #.....####..
##.......#.# #g..........
.........'.# #......)....
#.......### #g#.######.#
#.##...## #..........#
#.##...########.##.#######
#.#####.##...##@g...........#
#
#........'...'g.g.....###.#.#
# ########.##...#######..#
#...# # #........##...# #..#
##..# # ###.########### #..#
#..# # #.# #####..#####.# #
#.# #........##### # #.#
#.......##..##### #.#
#.......#....#...


You could see 3 gnolls.

Vanquished Creatures
  A gnoll (D:2)
  2 adders
  2 worms (D:2)
  A dart slug (D:1)
  A ball python (D:1)
  4 bats
  5 hobgoblins
  6 jackals
  4 kobolds
  A quokka (D:2)
  6 frilled lizards
  5 goblins
  7 rats
45 creatures vanquished.

Notes
Turn   | Place    | Note
-------+----------+-------------------------------------------
     0 | D:1      | anfisbena the Hill Orc Fighter began the quest for the Orb.
     0 | D:1      | Reached XP level 1. HP: 19/19 MP: 1/1
   171 | D:1      | Reached XP level 2. HP: 27/27 MP: 2/2
   460 | D:1      | Reached XP level 3. HP: 32/34 MP: 3/3
  1388 | D:2      | Found an ancient bone altar of Kikubaaqudgha.
  1388 | D:2      | Found an opulent altar of Gozag.
  1663 | D:2      | Reached XP level 4. HP: 35/41 MP: 4/4
  2076 | D:2      | HP: 2/41 [gnoll/spear (2)]
  2378 | D:2      | Slain by a gnoll

Skill      XL: |  1  2  3 |
---------------+----------+-----
Axes           | 3 4 |  4.7
Fighting       | 4 |  4.9
Armour         | |  3.2
Shields        | |  3.2

Action                   |  1- 3 |  4- 6 || total
-------------------------+-------+-------++-------
Melee: War axe           |   100 |    43 ||   143
  Eat: Chunk             |     2 |     2 ||     4
Armor: Scale mail        |    44 |    24 ||    68
Dodge: Dodged            |    29 |    15 ||    44
Block: Shield            |    52 |    45 ||    97
